[Event "VII Cape Verde Championship 2023"]
[Site "Ponta do Sol"]
[Date "2023.12.06"]
[Round "5.1"]
[White "Barros, Luis"]
[Black "Alho, Diogo"]
[Result "0-1"]
[ECO "B06"]
[WhiteElo "1656"]
[BlackElo "2233"]
[Annotator "RC"]
[PlyCount "68"]
[EventDate "2023.11.30"]
[EventType "tourn"]
[EventCountry "KAP"]
[SourceTitle "playchess.com"]
[Source "ChessBase"]
[SourceQuality "1"]
[TimeControl "40/5400+30:1800+30"]

1. e4 g6 2. Nf3 Bg7 3. d4 d6 4. Bc4 a6 5. c3 e6 6. Bg5 Ne7 7. O-O h6 8. Be3 Nd7 9. Re1 O-O 10. Nbd2 Nf6 11. Bd3 b6 12. Nf1 Bb7 13. Ng3 c5 14. Qd2 Ng4 15. h3 Nxe3 16. fxe3 b5 17. Rad1 Qb6 18. Bc2 Rfd8 19. b3 Rac8 20. Nh4 Qa5 21. Rf1 cxd4 22. Qf2 Rf8 23. exd4 Qxc3 24. Rd2 e5 25. d5 Qc5 26. Nf3 h5 27. Nh1 Bh6 28. Qxc5 Rxc5 29. Re2 Rfc8 30. Bd1 Rc3 31. Kh2 Re3 32. Ref2 Rxe4 33. Bc2 Rf4 34. g3 Rxf3 0-1

[Event "VII Cape Verde Championship 2023"]
[Site "Ponta do Sol"]
[Date "2023.12.07"]
[Round "5.2"]
[White "Mirulla, David"]
[Black "Santos, Kelim Morais"]
[Result "1-0"]
[ECO "C55"]
[WhiteElo "1929"]
[BlackElo "1436"]
[Annotator "RC"]
[PlyCount "63"]
[EventDate "2023.11.30"]
[EventType "tourn"]
[EventCountry "KAP"]
[SourceTitle "playchess.com"]
[Source "ChessBase"]
[SourceQuality "1"]
[TimeControl "40/5400+30:1800+30"]

1. e4 e5 2. Nf3 Nc6 3. Bc4 Nf6 4. d3 Be7 5. O-O O-O 6. Nc3 Bc5 7. a3 d6 8. Na4 Bb6 9. h3 d5 10. Nxb6 axb6 11. exd5 Nxd5 12. Re1 Re8 13. d4 e4 14. Ng5 Bf5 15. f3 h6 16. Nxe4 Bg6 17. Bxh6 Bxe4 18. fxe4 Nf6 19. Be3 Rxe4 20. Bd3 Re7 21. c3 Qd5 22. c4 Qh5 23. Qxh5 Nxh5 24. Bf2 Rae8 25. d5 Ne5 26. Bf1 Nf4 27. Kh2 Ned3 28. Rxe7 Rxe7 29. Bg3 Re4 30. b3 Nc5 31. b4 g5 32. bxc5 1-0

[Event "VII Cape Verde Championship 2023"]
[Site "Ponta do Sol"]
[Date "2023.12.06"]
[Round "5.3"]
[White "Ortega Amarelle, Mariano"]
[Black "Rodriguez Guevara, Celia M."]
[Result "1-0"]
[ECO "B78"]
[WhiteElo "2478"]
[BlackElo "1746"]
[Annotator "RC"]
[PlyCount "41"]
[EventDate "2023.11.30"]
[EventType "tourn"]
[EventCountry "KAP"]
[SourceTitle "playchess.com"]
[Source "ChessBase"]
[SourceQuality "1"]
[TimeControl "40/5400+30:1800+30"]

1. e4 c5 2. Nf3 Nc6 3. d4 cxd4 4. Nxd4 g6 5. Nc3 Bg7 6. Be3 Nf6 7. Bc4 d6 8. f3 Bd7 9. Qd2 O-O 10. O-O-O Qa5 11. Kb1 Ne5 12. Bb3 Rac8 13. h4 h5 14. Nd5 Qd8 15. Nxf6+ Bxf6 16. g4 hxg4 17. h5 Nc4 18. Qe2 Nxe3 19. hxg6 Nxd1 20. Qh2 Bxd4 21. Qh7# 1-0

[Event "VII Cape Verde Championship 2023"]
[Site "Ponta do Sol"]
[Date "2023.12.06"]
[Round "5.4"]
[White "Silva, Bryan Jorge"]
[Black "Vaz, Jose Carlos"]
[Result "0-1"]
[ECO "B33"]
[WhiteElo "1586"]
[BlackElo "1833"]
[Annotator "NA RC"]
[PlyCount "116"]
[EventDate "2023.11.30"]
[EventType "tourn"]
[EventCountry "KAP"]
[SourceTitle "playchess.com"]
[Source "ChessBase"]
[SourceQuality "1"]
[TimeControl "40/5400+30:1800+30"]

1. e4 c5 2. Nf3 Nc6 3. d4 cxd4 4. Nxd4 Nf6 5. Nc3 e5 6. Nb3 Bb4 7. Bd3 d5 8. exd5 Nxd5 9. Bd2 Nxc3 10. bxc3 Be7 11. O-O O-O 12. Re1 f5 13. f3 a5 14. a4 Kh8 15. Qe2 Qc7 16. Kh1 Bd6 17. h3 Bd7 18. Qd1 Rae8 19. Bb5 Re6 20. Be3 Rg6 21. Qd2 f4 22. Bc5 Rff6 23. Rad1 Rh6 24. Kh2 b6 25. Bxd6 Rxd6 26. Qe2 Rdg6 27. Bxc6 Qxc6 28. Qxe5 Rxg2+ 29. Kxg2 Qg6+ 30. Kf2 Qg3+ 31. Ke2 Re6 32. Qxe6 Bxe6 33. Rd8+ Bg8 34. Rf1 h6 35. Nd4 Kh7 36. Rd6 Bc4+ 37. Kd2 Bxf1 38. Rxb6 Qxh3 39. Rd6 Qc8 40. Rd5 Qe8 41. Kc1 Qxa4 42. Rf5 Qa3+ 43. Kd2 g5 44. Rf7+ Kg6 45. Rb7 Bh3 46. Rb6+ Kh5 47. Rb5 Kh4 48. Rb6 h5 49. Rb1 Bg2 50. Rg1 Kh3 51. Re1 Qd6 52. Kc1 Qd5 53. Rd1 a4 54. Rd3 a3 55. Kb1 Bf1 56. Rd1 Bc4 57. Rh1+ Kg2 58. Rxh5 Qb7+ 0-1

[Event "VII Cape Verde Championship 2023"]
[Site "Ponta do Sol"]
[Date "2023.12.06"]
[Round "5.5"]
[White "Monteiro, Antonio David Cabral"]
[Black "Teixeira, Gil"]
[Result "0-1"]
[ECO "D10"]
[WhiteElo "1801"]
[BlackElo "1820"]
[Annotator "NA RC"]
[PlyCount "88"]
[EventDate "2023.11.30"]
[EventType "tourn"]
[EventCountry "KAP"]
[SourceTitle "playchess.com"]
[Source "ChessBase"]
[SourceQuality "1"]
[TimeControl "40/5400+30:1800+30"]

1. d4 d5 2. Bf4 Bf5 3. e3 Nf6 4. c4 c6 5. Nc3 e6 6. Qb3 Qd7 {[%emt 0:01:25] 6...Qc8 is a critical line.} 7. Nf3 Be7 8. cxd5 exd5 9. Ne5 Qc8 10. Be2 O-O 11. Rc1 Nbd7 12. Nf3 Nb6 13. h3 h6 {[%emt 0:00:39] [#]} 14. a4 $146 ({Predecessor:} 14. O-O Ne4 15. a4 Be6 16. a5 Nxc3 17. bxc3 Nc4 18. Bxc4 dxc4 19. Qa2 b5 20. e4 b4 21. cxb4 Bxb4 {½-½ Hakobyan,A (2601)-Petrosyan,M (2637) Titled Tuesday intern op 22 Mar Early blitz 2022 (8)}) 14... Nbd7 15. O-O b6 16. Rfd1 a5 17. Ne5 Qb7 18. Bd3 Bxd3 19. Rxd3 Rac8 20. Ne2 Nxe5 21. Bxe5 Ne4 22. Ng3 Nxg3 23. Bxg3 Bb4 24. Rdd1 Rfe8 25. Qd3 Re6 26. Rc2 Rce8 27. Rdc1 c5 28. b3 Qd7 29. Be5 Rg6 30. Qb5 Qe6 31. Kf1 h5 32. Bc7 Re7 33. Be5 Qf5 34. Qe2 f6 35. Bd6 Re6 36. dxc5 d4 37. Rc4 Rxe3 38. g4 hxg4 39. hxg4 Rxg4 40. Qxg4 Qxg4 41. fxe3 Qf3+ $2 42. Kg1 Qxe3+ 43. Kg2 (43. Kh2 d3) 43... Qe2+ 44. Kg3 d3 $19 0-1

[Event "VII Cape Verde Championship 2023"]
[Site "Ponta do Sol"]
[Date "2023.12.07"]
[Round "6.1"]
[White "Alho, Diogo"]
[Black "Teixeira, Gil"]
[Result "1-0"]
[ECO "A84"]
[WhiteElo "2233"]
[BlackElo "1820"]
[Annotator "RC"]
[PlyCount "89"]
[EventDate "2023.11.30"]
[EventType "tourn"]
[EventCountry "KAP"]
[SourceTitle "playchess.com"]
[Source "ChessBase"]
[SourceQuality "1"]
[TimeControl "40/5400+30:1800+30"]

1. d4 d5 2. c4 c6 3. Nf3 f5 4. cxd5 cxd5 5. Nc3 e6 6. Bf4 Nf6 7. e3 Bd6 8. Ne5 O-O 9. Bd3 Nc6 10. Nxc6 bxc6 11. Qc2 Bxf4 12. exf4 Qb6 13. Ne2 Ba6 14. Bxa6 Qxa6 15. O-O Ne4 16. Rfe1 Rf6 17. Nc1 Qb6 18. Nb3 Rc8 19. f3 Nd6 20. Nc5 Re8 21. Rad1 Qc7 22. Rc1 Nc4 23. b3 Na5 24. Nd3 Qb6 25. Qc5 Rc8 26. Ne5 Qa6 27. Qe7 Qb6 28. Red1 Qa6 29. Rc2 h6 30. Nd7 Rg6 31. Nc5 Qb6 32. Re2 Qc7 33. Rxe6 Rxe6 34. Qxe6+ Kh8 35. Nd7 Nb7 36. Ne5 Nd6 37. Qxd6 Qa5 38. Qe6 Rb8 39. Qxf5 Qxa2 40. Qb1 Qa3 41. Re1 Rxb3 42. Nf7+ Kg8 43. Nxh6+ gxh6 44. Qg6+ Kf8 45. Re8# 1-0

[Event "VII Cape Verde Championship 2023"]
[Site "Ponta do Sol"]
[Date "2023.12.08"]
[Round "6.2"]
[White "Vaz, Jose Carlos"]
[Black "Monteiro, Antonio David Cabral"]
[Result "1-0"]
[ECO "B12"]
[WhiteElo "1833"]
[BlackElo "1801"]
[Annotator "NA RC"]
[PlyCount "87"]
[EventDate "2023.11.30"]
[EventType "tourn"]
[EventCountry "KAP"]
[SourceTitle "playchess.com"]
[Source "ChessBase"]
[SourceQuality "1"]
[TimeControl "40/5400+30:1800+30"]

1. e4 c6 2. d4 d5 3. e5 c5 4. c3 Nc6 5. Nf3 Bg4 6. Bb5 e6 7. O-O {[%emt 0:00:31] 7.0-0 scores better than 7.h3.} Nge7 8. h3 {[%emt 0:01:23] [#]} Bh5 $146 ({Predecessor:} 8... Bxf3 9. Qxf3 cxd4 10. cxd4 Qb6 11. Qd3 a6 12. Bxc6+ Nxc6 13. Rd1 Be7 14. Nc3 O-O {0-1 Soot,M (2091)-Khenkin,I (2586) Keres Memorial rap 23rd rapid 2014 (1)}) 9. Re1 a6 10. Ba4 Bxf3 11. Bxc6+ Nxc6 12. gxf3 cxd4 13. cxd4 Qh4 14. f4 Qxh3 15. Re3 Qf5 16. Rg3 h5 17. Nc3 h4 18. Rg5 Qh7 19. Be3 Be7 20. Rg4 h3 21. Kh2 Kf8 22. Qe2 b5 23. Rc1 Na5 24. b3 Rc8 25. Bd2 (25. Nxb5 $11 Rxc1 26. Bxc1) 25... Rc6 26. Rcg1 Qc2 27. Qe3 Bb4 28. Rc1 Qh7 29. Qg3 g6 30. Qd3 Bxc3 31. Bxc3 (31. Rxc3 $16 Qh5 32. Rg5) 31... Kg7 32. Rcg1 Nb7 33. f5 exf5 34. Qxf5 $18 Nd8 35. Ba5 Rf8 36. Qd7 Rc2 37. Bxd8 Rxf2+ 38. Kg3 h2 39. Rh1 Rc2 40. Bf6+ Kg8 41. Rh4 Rfc8 42. Rxh7 R8c3+ 43. Kh4 Kxh7 44. Qxf7+ 1-0

[Event "VII Cape Verde Championship 2023"]
[Site "Ponta do Sol"]
[Date "2023.12.08"]
[Round "6.3"]
[White "Rodriguez Guevara, Celia M."]
[Black "Silva, Bryan Jorge"]
[Result "1-0"]
[ECO "D02"]
[WhiteElo "1746"]
[BlackElo "1586"]
[Annotator "NA RC"]
[PlyCount "117"]
[EventDate "2023.11.30"]
[EventType "tourn"]
[EventCountry "KAP"]
[SourceTitle "playchess.com"]
[Source "ChessBase"]
[SourceQuality "1"]
[TimeControl "40/5400+30:1800+30"]

1. d4 d5 2. Bf4 Nf6 3. e3 c5 4. c3 Nc6 5. Nf3 Qb6 6. Qb3 c4 7. Qxb6 axb6 8. Na3 e5 9. dxe5 Bxa3 10. bxa3 Ne4 11. Nd2 Bf5 12. Nxe4 Bxe4 13. f3 Bg6 14. e4 dxe4 15. Bxc4 exf3 16. gxf3 Rxa3 17. Bb3 Na5 18. O-O Ke7 19. Bc1 Rxb3 20. axb3 Nxb3 21. Bg5+ f6 22. exf6+ gxf6 23. Rae1+ Kf7 24. Bh6 b5 25. Rd1 Bf5 26. Rd5 Be6 27. Rd6 Bc4 28. Re1 Rg8+ 29. Kh1 Nc5 30. Rg1 Rxg1+ 31. Kxg1 Kg6 32. Be3 Nd3 33. Bd4 h5 34. h4 Kf7 35. Rxf6+ Ke8 36. Rf5 Bf7 37. Rxb5 Nf4 38. Rxb7 Nd5 39. Ra7 Nf4 40. Be5 Nd3 41. f4 Be6 42. Rh7 Bg4 43. c4 Nb4 44. c5 Nc6 45. Rc7 Bd7 46. Bf6 Nb4 47. Bg5 Na6 48. Ra7 Nxc5 49. f5 Nd3 50. f6 Ne5 51. Kf2 Kf7 52. Kg3 Ke6 53. Ra8 Kf7 54. Rh8 Bg4 55. Rh7+ Kf8 56. Bh6+ Kg8 57. Rg7+ Kh8 58. f7 Nd7 59. Rg5 1-0

[Event "VII Cape Verde Championship 2023"]
[Site "Ponta do Sol"]
[Date "2023.12.07"]
[Round "6.5"]
[White "Barros, Luis"]
[Black "Mirulla, David"]
[Result "1/2-1/2"]
[ECO "C84"]
[WhiteElo "1656"]
[BlackElo "1929"]
[Annotator "RC"]
[PlyCount "84"]
[EventDate "2023.11.30"]
[EventType "tourn"]
[EventCountry "KAP"]
[SourceTitle "playchess.com"]
[Source "ChessBase"]
[SourceQuality "1"]
[TimeControl "40/5400+30:1800+30"]

1. e4 e5 2. Nf3 Nc6 3. Bb5 a6 4. Ba4 Nf6 5. O-O Be7 6. d3 b5 7. Bb3 O-O 8. Nc3 d6 9. a4 b4 10. Ne2 Na5 11. Ba2 Rb8 12. Ng3 c5 13. Bg5 Be6 14. Nh4 Bxa2 15. Rxa2 b3 16. cxb3 Nxb3 17. Nhf5 g6 18. Nxe7+ Qxe7 19. f4 h6 20. Bh4 exf4 21. Rxf4 g5 22. Nf5 Qe5 23. Nxh6+ Kh7 24. Rf5 Kxh6 25. Bxg5+ Kg6 26. Rxe5 dxe5 27. h4 a5 28. Ra3 Nd4 29. Qf1 Ng4 30. Be7 Rxb2 31. Bxf8 Ne2+ 32. Qxe2 Rxe2 33. g3 Rc2 34. Bd6 f6 35. Bc7 Nh2 36. Bxa5 Kh5 37. Ra1 Kg4 38. Be1 Kh3 39. Bf2 Nf3+ 40. Kf1 Nh2+ 41. Kg1 Nf3+ 42. Kf1 Nh2+ 1/2-1/2

[Event "VII Cape Verde Championship 2023"]
[Site "Ponta do Sol"]
[Date "2023.12.09"]
[Round "7.1"]
[White "Mirulla, David"]
[Black "Alho, Diogo"]
[Result "1-0"]
[ECO "B01"]
[WhiteElo "1929"]
[BlackElo "2233"]
[Annotator "RC"]
[PlyCount "65"]
[EventDate "2023.11.30"]
[EventType "tourn"]
[EventCountry "KAP"]
[SourceTitle "playchess.com"]
[Source "ChessBase"]
[SourceQuality "1"]
[TimeControl "40/5400+30:1800+30"]

1. e4 d5 2. exd5 Qxd5 3. Nc3 Qd6 4. d4 Nf6 5. Nf3 a6 6. g3 b5 7. Bg2 Bb7 8. O-O e6 9. Bf4 Qb6 10. a4 b4 11. a5 Qa7 12. Bxc7 Bxf3 13. Qxf3 Qxc7 14. Nb5 Qd7 15. Qxa8 Qxb5 16. c4 bxc3 17. bxc3 Nfd7 18. Rfb1 Qc4 19. Rxb8+ Nxb8 20. Qxb8+ Ke7 21. Rb1 Kf6 22. Qe5+ Kg6 23. Be4+ f5 24. Bc2 Qa2 25. Bd3 Be7 26. Rb6 Bf6 27. Rxe6 Kf7 28. Qc7+ Kg6 29. Rxa6 Re8 30. Bxf5+ Kxf5 31. Qd7+ Kg5 32. h4+ Kh6 33. Qxe8 1-0

[Event "VII Cape Verde Championship 2023"]
[Site "Ponta do Sol"]
[Date "2023.12.08"]
[Round "7.2"]
[White "Ortega Amarelle, Mariano"]
[Black "Barros, Luis"]
[Result "1-0"]
[ECO "B06"]
[WhiteElo "2478"]
[BlackElo "1656"]
[Annotator "RC"]
[PlyCount "43"]
[EventDate "2023.11.30"]
[EventType "tourn"]
[EventCountry "KAP"]
[SourceTitle "playchess.com"]
[Source "ChessBase"]
[SourceQuality "1"]
[TimeControl "40/5400+30:1800+30"]

1. e4 g6 2. d4 Bg7 3. Nc3 e6 4. h4 c6 5. h5 g5 6. h6 Bf6 7. e5 Be7 8. Ne4 d5 9. exd6 Bxd6 10. Bxg5 Qa5+ 11. c3 Be7 12. Nf3 Nd7 13. Bxe7 Nxe7 14. Nd6+ Kf8 15. Bc4 Qc7 16. Nxf7 Kxf7 17. Ng5+ Ke8 18. Qh5+ Ng6 19. Nxh7 Nde5 20. dxe5 Qxe5+ 21. Be2 Qg7 22. hxg7 1-0

[Event "VII Cape Verde Championship 2023"]
[Site "Ponta do Sol"]
[Date "2023.12.08"]
[Round "7.3"]
[White "Silva, Bryan Jorge"]
[Black "Santos, Kelim Morais"]
[Result "1-0"]
[ECO "C00"]
[WhiteElo "1586"]
[BlackElo "1436"]
[Annotator "NA RC"]
[PlyCount "61"]
[EventDate "2023.11.30"]
[EventType "tourn"]
[EventCountry "KAP"]
[SourceTitle "playchess.com"]
[Source "ChessBase"]
[SourceQuality "1"]
[TimeControl "40/5400+30:1800+30"]

1. e4 e6 2. d3 Nc6 3. Nf3 d5 4. Nbd2 dxe4 5. Nxe4 Be7 6. g3 Nf6 7. Qe2 e5 8. Bg2 Bg4 9. c3 Nxe4 10. Qxe4 Bxf3 11. Qxf3 Bg5 12. Qf5 Bxc1 13. Bxc6+ Kf8 14. Bxb7 Bxb2 15. Bxa8 Bxc3+ 16. Ke2 Bxa1 17. Rxa1 Qxa8 18. Qxe5 Qc6 19. Rd1 Qe6 20. Qxe6 fxe6 21. Rc1 Kf7 22. Rxc7+ Kf6 23. Rxa7 Rb8 24. a4 Rb2+ 25. Ke3 h5 26. h4 g6 27. a5 Ra2 28. a6 e5 29. Ra8 Ke7 30. a7 Kd7 31. Rg8 1-0

[Event "VII Cape Verde Championship 2023"]
[Site "Ponta do Sol"]
[Date "2023.12.08"]
[Round "7.4"]
[White "Monteiro, Antonio David Cabral"]
[Black "Rodriguez Guevara, Celia M."]
[Result "0-1"]
[ECO "B13"]
[WhiteElo "1801"]
[BlackElo "1746"]
[Annotator "NA RC"]
[PlyCount "34"]
[EventDate "2023.11.30"]
[EventType "tourn"]
[EventCountry "KAP"]
[SourceTitle "playchess.com"]
[Source "ChessBase"]
[SourceQuality "1"]
[TimeControl "40/5400+30:1800+30"]

1. d4 d5 2. Bf4 c5 3. e3 cxd4 4. exd4 Nc6 5. c3 f6 6. Bd3 e5 7. Qh5+ g6 8. Bxg6+ hxg6 9. Qxh8 exf4 10. Qxg8 Bf5 11. Ne2 Qd7 12. O-O O-O-O 13. Qh8 $2 (13. Nxf4 $15 Bh6 14. Qxd5) 13... Bg7 14. Qh4 $19 g5 15. Qh5 Bg4 16. Qg6 Bf5 17. Qh5 Rh8 0-1

[Event "VII Cape Verde Championship 2023"]
[Site "Ponta do Sol"]
[Date "2023.12.08"]
[Round "7.5"]
[White "Teixeira, Gil"]
[Black "Vaz, Jose Carlos"]
[Result "0-1"]
[ECO "D02"]
[WhiteElo "1820"]
[BlackElo "1833"]
[Annotator "NA RC"]
[PlyCount "53"]
[EventDate "2023.11.30"]
[EventType "tourn"]
[EventCountry "KAP"]
[SourceTitle "playchess.com"]
[Source "ChessBase"]
[SourceQuality "1"]
[TimeControl "40/5400+30:1800+30"]

1. d4 d5 2. Bf4 Nf6 3. Nf3 g6 4. c3 Bg7 5. e3 O-O 6. Bd3 Nbd7 7. Nbd2 Re8 8. O-O c5 9. e4 Nh5 10. Be3 cxd4 11. cxd4 dxe4 12. Nxe4 Nb6 13. Bc4 Nxc4 14. Qc1 Nxe3 15. fxe3 Bh6 16. Nfg5 f5 17. g4 fxe4 18. Nf7 Qd5 19. Nxh6+ Kg7 20. Nf5+ gxf5 21. gxh5 Rg8 22. Kh1 Kh8 23. Rg1 Be6 24. Qc7 Qd6 $19 25. Qxb7 Rab8 26. Qxa7 Rxb2 27. Rg3 0-1

[Event "VII Cape Verde Championship 2023"]
[Site "Ponta do Sol"]
[Date "2023.12.10"]
[Round "8.1"]
[White "Alho, Diogo"]
[Black "Vaz, Jose Carlos"]
[Result "1-0"]
[ECO "E90"]
[WhiteElo "2233"]
[BlackElo "1833"]
[Annotator "ChessBase"]
[PlyCount "95"]
[EventDate "2023.11.30"]
[EventType "tourn"]
[EventCountry "KAP"]
[SourceTitle "playchess.com"]
[Source "ChessBase"]
[SourceQuality "1"]
[TimeControl "40/5400+30:1800+30"]

1. d4 g6 2. c4 Nf6 3. Nc3 Bg7 4. e4 d6 5. h3 Nbd7 6. Nf3 O-O 7. Be3 e5 8. d5 Nc5 9. Nd2 a5 10. g4 Bd7 11. Rg1 Ne8 12. Nb3 b6 13. Be2 a4 14. Nc1 Qh4 15. Nd3 Bh6 16. g5 Bg7 17. Nxc5 bxc5 18. Bg4 f5 19. gxf6 Nxf6 20. Bg5 Bxg4 21. Bxh4 Bxd1 22. Kxd1 Nh5 23. Kc2 Rf3 24. Rh1 Nf4 25. Bg3 Bh6 26. Rad1 Nh5 27. Rd3 Rf7 28. Rh2 Kf8 29. Nb5 Ke8 30. Rg2 Kd7 31. Ra3 c6 32. dxc6+ Kxc6 33. Rd3 Bf8 34. Rg1 Nf4 35. Bxf4 Rxf4 36. f3 Be7 37. Nc3 Rh4 38. Rh1 a3 39. b4 cxb4 40. Nd5 Bd8 41. Nxb4+ Kc7 42. Rhd1 Rxh3 43. Rxd6 Rh2+ 44. Kc3 Bg5 45. Rd7+ Kc8 46. Rf7 Ra5 47. Rdd7 Rc5 48. Ra7 1-0

[Event "VII Cape Verde Championship 2023"]
[Site "Ponta do Sol"]
[Date "2023.12.09"]
[Round "8.2"]
[White "Rodriguez Guevara, Celia M."]
[Black "Teixeira, Gil"]
[Result "1-0"]
[ECO "D13"]
[WhiteElo "1746"]
[BlackElo "1820"]
[Annotator "NA"]
[PlyCount "57"]
[EventDate "2023.11.30"]
[EventType "tourn"]
[EventCountry "KAP"]
[SourceTitle "playchess.com"]
[Source "ChessBase"]
[SourceQuality "1"]
[TimeControl "40/5400+30:1800+30"]

1. d4 d5 2. c4 c6 3. cxd5 cxd5 4. Nc3 Nf6 5. h3 Nc6 6. Nf3 Bf5 7. Bf4 e6 8. e3 Bb4 9. a3 Bxc3+ 10. bxc3 O-O 11. c4 Ne4 12. Nd2 Qa5 13. f3 Nc3 14. Qb3 b6 15. Rc1 Na4 16. cxd5 Ne7 17. Bb5 Nxd5 18. Qxa4 Qxa4 19. Bxa4 Rac8 20. O-O Bd3 21. Rfe1 Nc3 22. Bd1 Nb5 23. Bb3 Rfd8 24. Bc4 Bxc4 25. Nxc4 Rc6 26. a4 Nc7 27. Nxb6 Rxc1 28. Rxc1 axb6 29. Rxc7 1-0

[Event "VII Cape Verde Championship 2023"]
[Site "Ponta do Sol"]
[Date "2023.12.10"]
[Round "8.3"]
[White "Santos, Kelim Morais"]
[Black "Monteiro, Antonio David Cabral"]
[Result "0-1"]
[ECO "E61"]
[WhiteElo "1436"]
[BlackElo "1801"]
[Annotator "NA"]
[PlyCount "74"]
[EventDate "2023.11.30"]
[EventType "tourn"]
[EventCountry "KAP"]
[SourceTitle "playchess.com"]
[Source "ChessBase"]
[SourceQuality "1"]
[TimeControl "40/5400+30:1800+30"]

1. c4 Nf6 2. Nc3 g6 3. d4 Bg7 4. Nf3 d6 5. Bf4 a5 6. e4 Nh5 7. Be3 Nc6 8. h3 Nf6 9. e5 dxe5 10. dxe5 Qxd1+ 11. Rxd1 Nd7 12. Nb5 O-O 13. Nbd4 Ndxe5 14. Nxc6 Nxc6 15. Rd2 a4 16. Bc5 b6 17. Nd4 Ne5 18. Bxe7 Re8 19. f4 Nxc4 20. Bxc4 Rxe7+ 21. Kf2 Bb7 22. Nf3 Re4 23. Rc1 Rxf4 24. Kg3 Rf6 25. Ne5 b5 26. Bd5 Bxd5 27. Rxd5 Re6 28. Ng4 c6 29. Rd2 h5 30. Nh2 Bh6 31. Nf1 Bxd2 32. Nxd2 Rc8 33. Kf4 c5 34. Ne4 c4 35. Nc3 Rc5 36. Kg3 Rf5 37. Rd1 a3 0-1

[Event "VII Cape Verde Championship 2023"]
[Site "Ponta do Sol"]
[Date "2023.12.10"]
[Round "8.4"]
[White "Barros, Luis"]
[Black "Silva, Bryan Jorge"]
[Result "0-1"]
[ECO "B89"]
[WhiteElo "1656"]
[BlackElo "1586"]
[Annotator "NA"]
[PlyCount "158"]
[EventDate "2023.11.30"]
[EventType "tourn"]
[EventCountry "KAP"]
[SourceTitle "playchess.com"]
[Source "ChessBase"]
[SourceQuality "1"]
[TimeControl "40/5400+30:1800+30"]

1. e4 c5 2. Nf3 d6 3. Nc3 Nf6 4. Bc4 e6 5. d4 cxd4 6. Nxd4 Nc6 7. Be3 Be7 8. Qd2 Ng4 9. Nxc6 bxc6 10. Bf4 d5 11. Be2 Nf6 12. e5 Nd7 13. a3 a5 14. O-O O-O 15. Bg3 Ba6 16. b3 f6 17. Rfe1 f5 18. Na4 Bxe2 19. Rxe2 Nc5 20. Nxc5 Bxc5 21. c3 Ba7 22. Kh1 c5 23. Bf4 Qc7 24. Qc1 Bb6 25. Qd1 Rac8 26. Rc1 Qb7 27. Rd2 Qe7 28. Qf3 Rc7 29. Qg3 Kh8 30. h4 Qf7 31. Qf3 h5 32. Rcd1 Qg6 33. Bg5 Rfc8 34. c4 d4 35. Rd3 Qf7 36. Qf4 Kh7 37. Rf3 Rf8 38. Rg1 Rd7 39. Qd2 Qe8 40. Qd3 Kh8 41. Bf4 Qf7 42. Rg3 g6 43. Bg5 Kh7 44. Rd1 Bc7 45. Bf4 Bb6 46. Qe2 Rg8 47. Rdd3 Rc8 48. Qf3 Qe8 49. Bd2 Ra7 50. Qf4 Qf8 51. Qf3 Qf7 52. Qe2 Qe7 53. Bg5 Qf7 54. Bf6 Bd8 55. Rg5 Bxf6 56. exf6 Qxf6 57. Rdg3 Rg7 58. f4 Rd8 59. Qd2 d3 60. Re3 Re7 61. Re5 Rc7 62. Kh2 Rdd7 63. Kh3 Qe7 64. Rg3 Qd6 65. Rge3 Qb6 66. Rxe6 Qxb3 67. Rg3 Qc2 68. Qxa5 Qc1 69. Rgxg6 d2 70. Qa8 Qh1+ 71. Kg3 Rd3+ 72. Kf2 Qxh4+ 73. g3 Qh2+ 74. Qg2 Qxg2+ 75. Kxg2 d1=Q 76. Rh6+ Kg8 77. Re8+ Kf7 78. Rhh8 Rd2+ 79. Kh3 Qh1# 0-1

[Event "VII Cape Verde Championship 2023"]
[Site "Ponta do Sol"]
[Date "2023.12.10"]
[Round "8.5"]
[White "Mirulla, David"]
[Black "Ortega Amarelle, Mariano"]
[Result "0-1"]
[ECO "B88"]
[WhiteElo "1929"]
[BlackElo "2478"]
[Annotator "RC"]
[PlyCount "52"]
[EventDate "2023.11.30"]
[EventType "tourn"]
[EventCountry "KAP"]
[SourceTitle "playchess.com"]
[Source "ChessBase"]
[SourceQuality "1"]
[TimeControl "40/5400+30:1800+30"]

1. e4 c5 2. Nf3 Nc6 3. d4 cxd4 4. Nxd4 Nf6 5. Nc3 d6 6. Bc4 e6 7. h3 Be7 8. Be3 O-O 9. Qd2 a6 10. O-O Na5 11. Bd3 Qc7 12. Na4 Nc6 13. f4 Nxd4 14. Bxd4 e5 15. fxe5 dxe5 16. Be3 Be6 17. Nb6 Rad8 18. Qf2 Qc6 19. Rae1 Bb4 20. Re2 Nxe4 21. Qh4 f5 22. Bxe4 fxe4 23. Rxf8+ Rxf8 24. Rf2 Re8 25. Re2 Ba5 26. Qf2 Rf8 0-1

[Event "VII Cape Verde Championship 2023"]
[Site "Ponta do Sol"]
[Date "2023.12.10"]
[Round "9.1"]
[White "Ortega Amarelle, Mariano"]
[Black "Alho, Diogo"]
[Result "1-0"]
[ECO "C41"]
[WhiteElo "2478"]
[BlackElo "2233"]
[Annotator "RC"]
[PlyCount "103"]
[EventDate "2023.11.30"]
[EventType "tourn"]
[EventCountry "KAP"]
[SourceTitle "playchess.com"]
[Source "ChessBase"]
[SourceQuality "1"]
[TimeControl "40/5400+30:1800+30"]

1. e4 e5 2. Nf3 d6 3. d4 Nf6 4. Nc3 Nbd7 5. Bc4 Be7 6. O-O c6 7. a4 Qc7 8. Re1 O-O 9. h3 h6 10. b3 Re8 11. Bb2 Nf8 12. Bd3 Ng6 13. Ne2 Bf8 14. Ng3 Nf4 15. Bf1 Bd7 16. Qd2 Ng6 17. a5 Rad8 18. c4 Bc8 19. Qc2 Nf4 20. Red1 Nd7 21. Nf5 g6 22. Ne3 b6 23. g3 Nh5 24. Ng4 Bg7 25. Bg2 Rf8 26. Ne3 Nhf6 27. Ba3 c5 28. dxe5 dxe5 29. axb6 axb6 30. b4 Bb7 31. Nd5 Qd6 32. Rab1 Nxd5 33. cxd5 Ba6 34. bxc5 Nxc5 35. Bf1 Bxf1 36. Kxf1 Ra8 37. Bxc5 bxc5 38. Nd2 f5 39. Nc4 Qa6 40. Rb6 Qa4 41. Qe2 fxe4 42. Kg1 g5 43. Rb7 Rf3 44. Rf1 Rd3 45. Qd2 Rf3 46. Qe2 Rc3 47. Ne3 Rf8 48. Qh5 Qe8 49. Rxg7+ Kxg7 50. Nf5+ Kf6 51. Qxh6+ Kxf5 52. Qh5 1-0

[Event "VII Cape Verde Championship 2023"]
[Site "Ponta do Sol"]
[Date "2023.12.10"]
[Round "9.2"]
[White "Silva, Bryan Jorge"]
[Black "Mirulla, David"]
[Result "1/2-1/2"]
[ECO "C47"]
[WhiteElo "1586"]
[BlackElo "1929"]
[Annotator "ChessBase"]
[PlyCount "60"]
[EventDate "2023.11.30"]
[EventType "tourn"]
[EventCountry "KAP"]
[SourceTitle "playchess.com"]
[Source "ChessBase"]
[SourceQuality "1"]
[TimeControl "40/5400+30:1800+30"]

1. e4 e5 2. Nf3 Nc6 3. Nc3 Nf6 4. d4 exd4 5. Nxd4 Bb4 6. Nxc6 dxc6 7. Qxd8+ Kxd8 8. Bg5 h6 9. Bxf6+ gxf6 10. O-O-O+ Ke7 11. Ne2 Bc5 12. f3 f5 13. Ng3 f4 14. Ne2 f5 15. Nc3 Rg8 16. Kb1 Bb4 17. Ne2 Bd6 18. exf5 Bxf5 19. g3 Raf8 20. gxf4 Be6 21. Nd4 Bd7 22. Bd3 c5 23. Nf5+ Bxf5 24. Bxf5 Kf6 25. Rhe1 Re8 26. h4 Re3 27. Be4 b6 28. c3 Re8 29. Kc2 Rxe1 30. Rxe1 Re5 1/2-1/2